 Dungeon Crawl Stone Soup version 0.29-a0-338-g1ff7896281 (webtiles) character file.

Game seed: 1640264868100464968

513 Cecur the Firebug (level 7, -7/41 HPs)
             Began as a Demonspawn Fire Elementalist on Apr 19, 2022.
             Was a Follower of Hepliaklqana.
             Mangled by a komodo dragon (11 damage)
             ... on level 5 of the Dungeon.
             The game lasted 00:09:51 (7046 turns).

Cecur the Firebug (Demonspawn Fire Elementalist)    Turns: 7046, Time: 00:09:52

Health: -7/41      AC:  6    Str:  8    XL:     7   Next: 0%
Magic:  11/13      EV: 12    Int: 18    God:    Hepliaklqana [*.....]
Gold:   203        SH:  4    Dex: 14    Spells: 7/14 levels left

rFire   . . .      SeeInvis .   f - +0 dagger
rCold   . . .      Faith    .   (no shield)
rNeg    . . .      Spirit   .   a - +0 robe
rPois   .          Reflect  .   (helmet restricted)
rElec   .          Harm     .   (no cloak)
rCorr   .          Rampage  .   e - +0 pair of gloves
Will    .....                   (no boots)
Stlth   ++........              (no amulet)
HPRegen 0.13/turn               (no ring)
MPRegen 0.13/turn               (no ring)

@: no status effects
A: reduced essence, molten scales 2, condensation shield, weakness stinger 1,
horns 1, wild magic 1
a: Renounce Religion, Recall Ancestor, Ancestor Identity


You were on level 5 of the Dungeon.
You worshipped Hepliaklqana.
Hepliaklqana was aware of your devotion.
You visited 2 branches of the dungeon, and saw 6 of its levels.

You collected 203 gold pieces.

Inventory:

Hand Weapons
 f - a +0 dagger (weapon)
Armour
 a - a +0 robe (worn)
 e - a +0 pair of gloves (worn)
 t - the +0 helmet "Wyikhloosch" {Rampage}
   (You found it on level 4 of the Dungeon)

   Rampage:   It bestows one free step when moving towards enemies.
Jewellery
 m - an amulet of the acrobat
Wands
 p - a wand of iceblast (13)
 x - a wand of mindburst (15)
Scrolls
 c - 12 scrolls of identify {unknown}
 g - 3 scrolls of immolation
 h - a scroll of magic mapping {unknown}
 i - a scroll of silence {unknown}
 k - 3 scrolls of teleportation {unknown}
 l - a scroll of enchant armour {unknown}
 n - a scroll of enchant weapon {unknown}
 q - a scroll of amnesia {unknown}
 r - a scroll of noise {unknown}
 u - a scroll of torment {unknown}
 w - a scroll of blinking {unknown}
Potions
 b - a potion of magic
 d - a potion of curing {unknown}
 j - 2 potions of flight {unknown}
 o - a potion of cancellation {unknown}
 s - a potion of lignification {unknown}
 v - a potion of ambrosia {unknown}
 z - a potion of might {unknown}


   Skills:
 - Level 0.4 Short Blades
 - Level 2.2 Dodging
 - Level 1.7 Stealth
 - Level 0.3 Shields
 * Level 4.2 Spellcasting
 * Level 3.7 Conjurations
 * Level 4.7 Fire Magic


You had 7 spell levels left.
You knew the following spells:

 Your Spells              Type           Power      Damage    Failure   Level
a - Foxfire               Conj/Fire      96%        2x1d8     4%          1
b - Scorch                Fire           54%        2d7       5%          2
c - Flame Wave            Conj/Fire      24%        2d7       34%         4

Your spell library contained the following spells:

 Spells                   Type           Power      Damage    Failure   Level
 Conjure Flame            Conj/Fire      24%        6-21      12%         3
 Slow                     Hex            16%        N/A       21%         1
 Inner Flame              Hex/Fire       16%        N/A       22%         3
 Confusing Touch          Hex            4%         N/A       50%         3
 Vampiric Draining        Necr           4%         2d6       50%         3


Dungeon Overview and Level Annotations

Branches:
Dungeon (5/15)             Temple (1/1) D:4

Altars:
Ashenzari
Dithmenos
Elyvilon
Fedhas
Hepliaklqana
Kikubaaqudgha
Makhleb
Okawaru
Ru
Sif Muna
Trog
Vehumet
Wu Jian
Xom
Zin
The Shining One

Annotations:
D:5 1 runed translucent door, Sigmund; bande's ghost, novice GrFi


Innate Abilities, Weirdness & Mutations

Your life essence is reduced to manifest your ancestor. (-10% HP)
You are mostly covered in molten scales. (AC +3)
A meltable shield of frost defends you. (SH +4)
You have a small tail.
You have a pair of small horns on your head.
Your spells are a little harder to cast, but a little more powerful.


Message History

Sigmund gestures at you while chanting.
You are confused.
You're too confused to cast spells.
You're too confused to cast spells.
Unknown command.
You're too confused to aim your attacks!
You are too confused!
You completely miss Aahotepre.
Your foxfire dissipates!
Sigmund mumbles some strange words.
Sigmund flickers and vanishes!
Deactivating autopickup; reactivate with Ctrl-A.
Aahotepre hits something!
Something closely misses Aahotepre.
The komodo dragon bites Aahotepre!!
Aahotepre is destroyed!
You hear a shout!
You are more confused.
Bande's ghost ripples.
Your magical contamination has completely faded away.
A magic dart appears from out of thin air!
The magic dart hits you.
You're too confused to move!
The komodo dragon hisses menacingly.
You bump into the translucent stone wall.
You hit the komodo dragon.
The komodo dragon is lightly wounded.
The komodo dragon misses you. Something hits you.
Bande's ghost whispers, "It is all a dream - a grotesque and foolish dream."
The komodo dragon attacks as you move away!
The komodo dragon bites you.
You're too confused to move!
You feel less confused. The komodo dragon bites you!!
Ouch! That really hurt!
* * * LOW HITPOINT WARNING * * *
Something hits you but does no damage.
Unknown command.
The komodo dragon attacks as you move away!
The komodo dragon bites you!
You die...

##...##⌠##...#.####..#
#...##...##.....##...# #
#..##..?..##.......#.## ###
##..+...♣..⌠#...#.###.l# ..###
#...##..!..##...#.# ##.l ....#
##....##...##...##.# ##. ....#
#......##W##...###.# #. ##..##
##..##...###...## #.# ##
###..###..####..@l{...####.#####.
# ##..##.## #......#.........###
# ##....# #.##.#....####.###
#####....# #..#...#..# #.#
.........####.....####.## #.#
##...####....####.# ##.###.#
#§§.§.## #..# #.## #..##.###
§§§.§..####.# #..# #.......#
.§§..§§§#...## ##.####.......# ♣


You could see a komodo dragon and bande's ghost.

Vanquished Creatures
  An ogre (D:4)
  2 necrophages (D:4)
  A hound (D:5)
  A jelly (D:4)
  An iguana (D:5)
  2 orc wizards (D:4)
  3 gnolls (D:2)
  5 adders
  2 ufetubi (D:4)
  6 dart slugs
  5 orcs
  4 bats
  6 endoplasms
  4 giant cockroaches
  5 goblins
  5 hobgoblins
  5 jackals (D:3)
  6 kobolds
  4 quokkas (D:1)
  4 ball pythons
  2 frilled lizards
  3 rats
77 creatures vanquished.

Vanquished Creatures (others)
  An ancestor (D:5)
  461 foxfires
462 creatures vanquished.

Grand Total: 539 creatures vanquished

Notes
Turn   | Place    | Note
-------+----------+-------------------------------------------
     0 | D:1      | Cecur the Demonspawn Fire Elementalist began the quest for
                  | the Orb.
     0 | D:1      | Reached XP level 1. HP: 13/13 MP: 3/3
   314 | D:1      | Gained mutation: A meltable shield of frost defends you.
                  | (SH +4) [demonic ancestry]
   314 | D:1      | Reached XP level 2. HP: 19/19 MP: 0/5
  1493 | D:2      | Gained mutation: You have a small tail. [demonic ancestry]
  1493 | D:2      | Reached XP level 3. HP: 24/24 MP: 0/6
  2098 | D:2      | Reached XP level 4. HP: 30/30 MP: 4/8
  2566 | D:2      | Found a faded altar of an unknown god.
  2781 | D:2      | Prayed at the altar of an unknown god.
  2781 | D:2      | Became a worshipper of Xom of Chaos
  2821 | D:3      | Found an ornate altar of the Wu Jian Council.
  2890 | D:3      | XOM: cloud trail
  3021 | D:3      | XOM: noise
  3024 | D:3      | XOM: 1-stop teleportation journey
  3369 | D:3      | XOM: divination: detect creatures
  3456 | D:3      | XOM: silly message
  4255 | D:3      | XOM: cloud trail
  4322 | D:4      | Gained mutation: You are partially covered in molten
                  | scales. (AC +2) [demonic ancestry]
  4322 | D:4      | Reached XP level 5. HP: 35/35 MP: 5/9
  4439 | D:4      | Noticed an ogre
  4443 | D:4      | XOM: blink monster(s)
  4445 | D:4      | Killed an ogre
  4528 | D:4      | Found a staircase to the Ecumenical Temple.
  4535 | D:4      | XOM: noise
  4541 | D:4      | Gained mutation: You are mostly covered in molten scales.
                  | (AC +3) [demonic ancestry]
  4541 | D:4      | Reached XP level 6. HP: 41/41 MP: 4/11
  4617 | Temple   | Entered the Ecumenical Temple
  4763 | Temple   | Fell from the grace of Xom
  4763 | Temple   | Became a worshipper of Hepliaklqana the Forgotten
  4957 | D:4      | XOM: summons 4 hostile demons
  4958 | D:4      | Noticed a chaos spawn
  5537 | D:4      | Identified the +0 helmet "Wyikhloosch" {Rampage}
  5623 | D:4      | Found a shimmering blue altar of Sif Muna.
  5623 | D:4      | Found a radiant altar of Vehumet.
  5631 | D:4      | Found a faded altar of an unknown god.
  5633 | D:4      | Found a sacrificial altar of Ru.
  5635 | D:4      | Found an ancient bone altar of Kikubaaqudgha.
  5645 | D:4      | XOM: summons 2 hostile shadow creatures
  5717 | D:4      | XOM: give mutations
  5717 | D:4      | Gained mutation: You have a pair of small horns on your
                  | head. [Xom's mischief]
  5717 | D:4      | Gained mutation: Your spells are a little harder to cast,
                  | but a little more powerful. [Xom's mischief]
  5717 | D:4      | Gained mutation: You are clumsy. (Dex -2) [Xom's mischief]
  5717 | D:4      | Lost mutation: You are clumsy. (Dex -2) [Xom's mischief]
  5958 | D:5      | Entered Level 5 of the Dungeon
  6209 | D:5      | Noticed bande's ghost (novice GrFi)
  6212 | D:5      | Found a runed translucent door.
  6223 | D:5      | Noticed Sigmund
  6223 | D:5      | Noticed a komodo dragon
  6301 | D:5      | Found a shadowy altar of Dithmenos.
  6358 | D:5      | Reached * piety under Hepliaklqana
  6660 | D:5      | Reached XP level 7. HP: 35/41 MP: 9/13
  6745 | D:5      | Learned a level 2 spell: Scorch
  6750 | D:5      | Learned a level 4 spell: Flame Wave
  6846 | D:5      | XOM: noise
  6975 | D:5      | Found a blossoming altar of Fedhas.
  7046 | D:5      | Mangled by a komodo dragon

Illustrated notes

Levels and vault maps discovered:
D:1:      roderic_dead_forest, layout_basic, minmay_misc_feat_roman
D:2:      layout_basic, hellmonk_ecumenical_altar_blasted,
          kennysheep_generic_room_3
D:3:      layout_basic, mainiacjoe_overflow_brackets,
          chequers_serial_rivers_large_a
D:4:      layout_loops_ring, chequers_temple_overflow_minitemple,
          minmay_temple_entry_statues_fountains
D:5:      layout_layer_cave, fedhas_altar_fruit_tree,
          nicolae_dithmenos_the_darkroom, hellmonk_ghost_happy_afterlife,
          amcnicky_mini_pool_small, uniq_sigmund
Temple:   nicolae_temple_figure_zero

Skill      XL: |  1  2  3  4  5  6 |
---------------+-------------------+-----
Fire Magic     | 3 4 |  4.7
Conjurations   | 2 3 |  3.7
Spellcasting   | 3 4 |  4.2
Dodging        | 2 |  2.2
Short Blades   | |  0.4
Stealth        | |  1.7
Shields        | |  0.3

Action                   |  1- 3 |  4- 6 |  7- 9 || total
-------------------------+-------+-------+-------++-------
Melee: Unarmed           |     1 |       |       ||     1
       Dagger            |    14 |    36 |     2 ||    52
       Tailslap          |       |     2 |       ||     2
 Cast: Foxfire           |    87 |   186 |     2 ||   275
Armor: Robe              |     2 |    42 |     1 ||    45
Dodge: Dodged            |    11 |    55 |     1 ||    67
Block: Other             |     7 |    18 |       ||    25

Table legend: (Time is in decaauts)
 A = Elapsed time spent in this place.
 B = Non-inter-level travel time spent in this place.
 C = Inter-level travel time spent in this place.
 D = Time resting spent in this place.
 E = Time spent auto-exploring this place.
 F = Levels seen in this place.
 G = Mean time per level.
                   A        B        C        D        E       F      G
               +--------+--------+--------+--------+--------+-----+--------+
         Total |   7066 |   6778 |    288 |     26 |   5889 |   6 | 1177.7 |
       Dungeon |   6907 |   6650 |    257 |     26 |   5779 |   5 | 1381.4 |
        Temple |    158 |    127 |     31 |      0 |    110 |   1 |  158.0 |
               +--------+--------+--------+--------+--------+-----+--------+

Top non-repeatable levels by time:
     D:3: 1739 daAuts
     D:2: 1480 daAuts
     D:4: 1343 daAuts
     D:1: 1316 daAuts
     D:5: 1027 daAuts
  Temple: 158 daAuts
